 Dungeon Crawl Stone Soup version 0.15.0-23-gc2b521c (webtiles) character file.

102 DrPain the Cudgeler (level 4, 0/58 HPs)
             Began as a Minotaur Berserker on Sept 9, 2014.
             Was a Believer of Trog.
             Killed from afar by an orc wizard (6 damage)
             ... with a magic dart
             ... on Level 3 of the Dungeon.
             The game lasted 00:05:44 (2228 turns).

DrPain the Cudgeler (Minotaur Berserker)            Turns: 2228, Time: 00:05:44

HP   0/58        AC  2     Str 27      XL: 4   Next: 50%
MP   2/2         EV 12     Int  4      God: Trog [**....]
Gold 109         SH  0     Dex 10      Spells:  0 memorised,  3 levels left

rFire  . . .     SeeInvis .     a - +0 mace
rCold  . . .     Clarity  .     b - +0 animal skin
rNeg   . . .     rCorr    .     (no shield)
rPois  .         rRot     .     (helmet restricted)
rElec  .         Spirit   .     (no cloak)
SustAb .         Warding  .     (no gloves)
rMut   .         Stasis   .     (no boots)
Gourm  .                        (no amulet)
MR     .....                    (no ring)
                                (no ring)

@: berserking, very quick, not resistant to hostile enchantments, extremely
unstealthy
A: retaliatory headbutt, horns 2
a: Burn Spellbooks, Berserk, Trog's Hand, Renounce Religion


You were on level 3 of the Dungeon.
You worshipped Trog.
Trog was pleased with you.
You were not hungry.

You visited 1 branch of the dungeon, and saw 3 of its levels.

You collected 109 gold pieces.

Inventory:

Hand weapons
 a - a +0 mace (weapon)
Missiles
 g - 87 stones (quivered)
 h - 22 bolts
Armour
 b - a +0 animal skin (worn)
Comestibles
 c - 4 bread rations
Scrolls
 d - 4 scrolls of remove curse {unknown}
 j - a scroll of fog {unknown}
 l - a scroll of fear {unknown}
 m - 2 scrolls of identify {unknown}
 n - 2 scrolls of enchant weapon {unknown}
Potions
 e - a potion of curing {unknown}
 f - a potion of heal wounds {unknown}
 k - a potion of degeneration {unknown}


   Skills:
 - Level 3.6 Fighting
 + Level 6.4 Maces & Flails
 - Level 2.4 Armour
 - Level 2.1 Dodging


You had 3 spell levels left.
You didn't know any spells.

Dungeon Overview and Level Annotations

Branches:
Dungeon (3/15)

Altars:
Nemelex Xobeh


Innate Abilities, Weirdness & Mutations

You reflexively headbutt those who attack you in melee.
You have a pair of horns on your head.


Message History

Trog accepts your kill.
Trog appreciates your killing of a magic user.
The orc wizard casts a spell.
The orc wizard seems to speed up.
The orc hits you with a hand axe.
* * * LOW HITPOINT WARNING * * *
You thump the orc!
You kill the orc!
Trog accepts your kill.
The orc wizard gestures wildly while chanting.
The orc wizard blinks!
The orc hits you with a short sword.
* * * LOW HITPOINT WARNING * * *
Items here: %% )) [ a hand axe; a leather armour; a dagger; an orc corpse; a goblin corpse You sock the orc!
You kill the orc!
Trog accepts your kill.
The orc wizard gestures at you while chanting.
The magic dart hits you!
You die...

........# #.# .....o..# ###.###
........# #.....# ........#
#.....######### ........#
#.............# ......ยง##
#.............# .......#
#..o..........# #######
......o####.............# #....).
.............o..@).)..#####.#####
.................................
#######...............###.#.#####
########..........#.#.#
#.##.###.#.#.#.#
#.#........#.#.#####
#.#.#.##.###.#...... #... .....
#.####### .... . #.# #.# #....


You could see an orc wizard and an orc.

Vanquished Creatures
  An orc wizard (D:3)
  An adder (D:2)
  A worm (D:2)
  5 orcs
  A ball python (D:1)
  9 goblins
  12 hobgoblins
  6 bats
  3 giant cockroaches
  3 giant newts (D:1)
  7 kobolds
  3 rats
52 creatures vanquished.

Notes
Turn   | Place    | Note
--------------------------------------------------------------
     0 | D:1      | DrPain, the Minotaur Berserker, began the quest for the Orb.
     0 | D:1      | Reached XP level 1. HP: 19/19 MP: 1/1
   175 | D:1      | Reached skill level 4 in Maces & Flails
   243 | D:1      | Reached XP level 2. HP: 17/26 MP: 1/1
   724 | D:1      | Acquired Trog's second power
   965 | D:2      | Reached skill level 5 in Maces & Flails
   965 | D:2      | Reached XP level 3. HP: 19/31 MP: 2/2
  1585 | D:2      | Found a sparkling altar of Nemelex Xobeh.
  1753 | D:2      | Reached XP level 4. HP: 37/39 MP: 2/2
  2183 | D:3      | Reached skill level 6 in Maces & Flails
  2228 | D:3      | Killed from afar by an orc wizard

Action                   |  1- 3 |  4- 6 || total
-------------------------+-------+-------++-------
Melee: Mace              |    86 |     9 ||    95
Invok: Berserk           |     1 |     1 ||     2
  Eat: Chunk             |     3 |     1 ||     4
       Meat ration       |       |     1 ||     1
